 Dungeon Crawl Stone Soup version 0.24-a0-194-g9bee6eb (webtiles) character file.

Game seed: 5140213615366935627

19021 Gunnerkreig the Destroyer (level 12, -9/76 HPs)
             Began as an Octopode Wizard on Mar 19, 2019.
             Was a Priest of Vehumet.
             Mangled by a seven-headed hydra (17 damage)
             ... on level 1 of the Lair of Beasts.
             The game lasted 01:28:26 (18289 turns).

Gunnerkreig the Destroyer (Octopode Wizard)        Turns: 18289, Time: 01:28:26

Health: -9/76      AC:  1    Str: 12    XL:     12   Next: 64%
Magic:  2/22       EV: 16    Int: 23    God:    Vehumet [***...]
Gold:   759        SH:  6    Dex: 10    Spells: 4/24 levels left

rFire    . . .     SeeInvis .   e - +8 autumn katana {slice, Clar}
rCold    + . .     Gourm    +   r - +2 buckler
rNeg     . . .     Faith    .   a - +0 hat
rPois    +         Spirit   .   d - amulet of the gourmand
rElec    .         Reflect  .   h - ring of protection from cold
rCorr    +         Harm     .   n - ring of resist corrosion
MR       +....     Clarity  +   A - +3 ring of strength
Stlth    ++++......             H - ring of protection from magic
HPRegen  0.22/turn              J - ring of poison resistance
MPRegen  0.18/turn              (no ring)
                                (no ring)
                                (no ring)

@: no status effects
A: almost no armour, stealthy swim, amphibious, 8 rings, constrict 8, camouflage
1, blink, blurry vision 2, frail 1, gelatinous body 1
a: Blink, Renounce Religion


You were on level 1 of the Lair of Beasts.
You worshipped Vehumet.
Vehumet was most pleased with you.
You were very full.

You visited 3 branches of the dungeon, and saw 13 of its levels.
You also visited: Sewer.

You collected 759 gold pieces.

Inventory:

Hand Weapons
 e - the +8 autumn katana (weapon) {slice, Clar}
   (You found it on level 4 of the Dungeon)

   It inflicts extra damage upon your enemies.
   It protects you against confusion.
 l - a +3 hunting sling
 z - a +1 trident of protection
 D - a +0 blowgun
Missiles
 b - 6 throwing nets
 m - 447 stones (quivered)
 o - 102 sling bullets
 v - 8 curare-tipped needles
 y - 32 poisoned needles
 Q - 7 needles of confusion
Armour
 a - a +0 hat (worn)
 r - a +2 buckler (worn)
Magical Staves
 P - an uncursed staff of air
Jewellery
 d - an amulet of the gourmand (around mantle)
 h - a ring of protection from cold (left tentacle)
 n - a ring of resist corrosion (right tentacle)
 A - a +3 ring of strength (on tentacle)
 H - a ring of protection from magic (on tentacle)
 J - a ring of poison resistance (on tentacle)
Wands
 g - a wand of iceblast (38)
 q - a wand of polymorph (18)
 K - a wand of flame (44)
Scrolls
 f - 2 scrolls of enchant weapon
 i - 5 scrolls of fog
 u - 3 scrolls of immolation
 w - 5 scrolls of remove curse
 L - a scroll of identify
 M - a scroll of blinking
 N - 2 scrolls of magic mapping
 O - a scroll of vulnerability {unknown}
Potions
 k - 4 potions of haste
 p - 2 potions of curing
 s - a potion of heal wounds
 t - 3 potions of cancellation
 B - 3 potions of flight
 C - 3 potions of might
 E - a potion of invisibility
 F - 3 potions of brilliance
 G - a potion of berserk rage
 I - a potion of lignification {unknown}
Miscellaneous
 x - a lightning rod (4/4)
Comestibles
 c - 31 rations


   Skills:
 - Level 9.0 Fighting
 - Level 6.0 Long Blades
 - Level 2.0 Slings
 - Level 8.0 Dodging
 - Level 5.0 Stealth
 - Level 4.1 Shields
 + Level 6.8 Spellcasting
 - Level 11.0 Conjurations
 - Level 3.0 Summonings
 - Level 3.3 Translocations
 - Level 4.0 Fire Magic
 - Level 2.0 Air Magic
 - Level 3.0 Poison Magic


You had 4 spell levels left.
You knew the following spells:

 Your Spells              Type           Power        Failure   Level  Hunger
a - Magic Dart            Conj           ####         1%          1    None
b - Conjure Flame         Conj/Fire      #####...     1%          3    None
c - Mephitic Cloud        Conj/Pois/Air  ####....     1%          3    None
d - Blink                 Tloc           N/A          3%          2    None
e - Call Imp              Summ           ###.....     3%          2    None
f - Sticky Flame          Conj/Fire      #####...     1%          4    ###....
g - Fireball              Conj/Fire      #####.....   2%          5    #####..

Your spell library contained the following spells:

 Spells                   Type           Power        Failure   Level  Hunger
 Spellforged Servitor     Conj/Summ      #####.....   65%         7    #######
 Flame Tongue             Conj/Fire      #####        1%          1    None
 Throw Flame              Conj/Fire      #####.       1%          2    None
 Inner Flame              Hex/Fire       ###.....     3%          3    None
 Animate Skeleton         Necr           N/A          8%          1    None
 Beastly Appendage        Tmut           #.....       8%          1    None
 Pain                     Necr           #...         8%          1    None
 Slow                     Hex            #.......     12%         2    None
 Sticks to Snakes         Tmut           #.......     12%         2    None
 Spider Form              Tmut/Pois      ##........   13%         3    None
 Regeneration             Chrm/Necr      #.........   24%         3    None
 Vampiric Draining        Necr           #.........   24%         3    None
 Animate Dead             Necr           N/A          61%         4    ###....
 Ice Form                 Ice/Tmut       #.......     61%         4    ###....
 Blade Hands              Tmut           #.........   91%         5    #####..


Dungeon Overview and Level Annotations

Branches:
Dungeon (11/15)            Temple (1/1) D:7            Lair (1/6) D:10
    Orc (0/2) D:9

Altars:
Ashenzari
Cheibriados
Dithmenos
Elyvilon
Fedhas
Gozag
Hepliaklqana
Kikubaaqudgha
Makhleb
Nemelex Xobeh
Okawaru
Qazlal
Ru
Sif Muna
Trog
Uskayaw
Vehumet
Wu Jian
Xom
Yredelemnul
Zin
The Shining One

Shops:
D:4 ?   D:5 [   D:7 (   D:9 [

Annotations:
D:7 vault lots of bears


Innate Abilities, Weirdness & Mutations

You cannot wear most types of armour.
You are very stealthy in the water. (Stealth+)
You are amphibious.
You can wear up to eight rings at the same time.
You can use your tentacles to constrict eight enemies at once.
Your skin changes colour to match your surroundings (Stealth+).
Your rubbery body absorbs attacks. (AC +1, EV +1)
You can translocate small distances at will.
Scrolls take you longer to read.
You are frail. (-10% HP)


Message History

Vehumet accepts your kill.
You feel your power returning.
Casting: Fireball (safe; 2% risk of failure)
Confirm with . or Enter, or press ? or * to list all spells.
Aiming: Conjure Flame (safe; 1% risk of failure)
Press: ? - help, Dir - move target cursor, p - seven-headed hydra The fire ignites!
A porcupine comes into view.
The seven-headed hydra is engulfed in blazing flames.
The seven-headed hydra bites you! x3; The seven-headed hydra bites you.
The seven-headed hydra bites you!
* * * LOW HITPOINT WARNING * * *
You block the seven-headed hydra's attack.
The seven-headed hydra barely misses you.
The seven-headed hydra is engulfed in blazing flames.
The seven-headed hydra barely misses you.
The seven-headed hydra bites you!
* * * LOW HITPOINT WARNING * * *
The seven-headed hydra bites you!
You die...

###### ##### ##
###.##.####P#.###.###P#
#......................
#......................
#......................
#......................
#.....†.........†....r.
#....<[.......§○D......
###^###P#######@######
### ### ###


You could see a seven-headed hydra and a porcupine (wandering).

Vanquished Creatures
  Harold (D:11)
  2 two-headed ogres (D:10)
  Nergalle (D:10)
  Sonja (D:11)
  4 ugly things
  Maurice (D:10)
  A merfolk (D:10)
  A hornet (D:8)
  4 trolls (D:10)
  8 hippogriffs
  Eustachio (D:4)
  8 yaks
  5 wyverns
  6 hogs
  A human (D:8)
  Grum (D:11)
  A hungry ghost (D:11)
  Menkaure (D:7)
  3 water moccasins
  Purgy (Sewer)
  6 orc warriors
  5 ice beasts
  2 sky beasts
  7 black bears
  4 phantoms
  4 ogres
  2 wolves (D:11)
  3 crocodiles
  4 centaurs
  5 big kobolds
  12 bullfrogs
  Blork the orc (D:6)
  3 scorpions
  A troll zombie (D:9)
  5 killer bees (D:9)
  4 wights
  4 howler monkeys
  5 electric eels (D:10)
  4 crimson imps
  A quasit (D:10)
  3 jellies
  4 centaur skeletons
  11 orc priests
  2 hounds
  9 orc wizards
  3 gnoll shamans
  Jessica (D:3)
  Ijyb (D:3)
  2 iguanas
  Natasha (thrice) (D:2)
  9 worker ants
  7 ogre zombies (D:9)
  A hound zombie (D:9)
  2 hound skeletons (D:8)
  3 worker ant zombies
  4 gnolls
  12 adders
  4 shadow imps
  An ooze (D:1)
  An adder skeleton (D:10)
  2 worms (D:2)
  2 dart slugs
  6 leopard geckos
  34 orcs
  5 giant cockroaches
  8 goblins
  11 hobgoblins
  6 jackals (D:8)
  6 quokkas
  3 ball pythons
  9 bats
  7 frilled lizards
  3 goblin skeletons (D:9)
  2 goblin zombies (D:9)
  2 hobgoblin zombies (D:9)
  26 kobolds
  2 leopard gecko skeletons
  A leopard gecko zombie (D:7)
  2 orc skeletons (D:9)
  16 orc zombies (D:9)
  9 rats
  A plant (D:10)
380 creatures vanquished.

Vanquished Creatures (collateral kills)
  A yak (D:9)
  A black bear (D:10)
  A howler monkey (D:9)
  A wight (D:6)
  2 gnolls (D:6)
6 creatures vanquished.

Vanquished Creatures (others)
  10 plants (D:10)
10 creatures vanquished.

Grand Total: 396 creatures vanquished

Notes
Turn   | Place    | Note
-------+----------+-------------------------------------------
     0 | D:1      | Gunnerkreig the Octopode Wizard began the quest for the
                  | Orb.
     0 | D:1      | Reached XP level 1. HP: 11/11 MP: 4/4
   264 | D:1      | Reached XP level 2. HP: 17/17 MP: 0/6
   423 | D:1      | Reached skill level 2 in Conjurations
   909 | D:1      | Reached XP level 3. HP: 21/21 MP: 5/7
  1422 | D:2      | Learned a level 3 spell: Conjure Flame
  1432 | D:2      | Learned a level 3 spell: Mephitic Cloud
  1788 | D:2      | Reached skill level 3 in Conjurations
  1905 | D:2      | Reached XP level 4. HP: 27/27 MP: 7/9
  2652 | D:2      | Noticed Natasha
  2661 | D:2      | Killed Natasha
  2669 | D:2      | Noticed Natasha
  2680 | D:2      | Killed Natasha
  2680 | D:2      | Reached skill level 4 in Conjurations
  2680 | D:2      | Reached XP level 5. HP: 30/31 MP: 1/10
  2684 | D:2      | Learned a level 2 spell: Blink
  2687 | D:2      | Learned a level 2 spell: Call Imp
  2865 | D:2      | Noticed Natasha
  2872 | D:2      | Killed Natasha
  2991 | D:3      | Found a deep blue altar of Sif Muna.
  3015 | D:3      | Noticed Jessica
  3019 | D:3      | Killed Jessica
  3103 | D:3      | Noticed Ijyb
  3112 | D:3      | Killed Ijyb
  3112 | D:3      | Reached XP level 6. HP: 36/36 MP: 2/12
  3783 | D:4      | Found an iron altar of Okawaru.
  3783 | D:4      | Found a sacrificial altar of Ru.
  3783 | D:4      | Found a bloodstained altar of Trog.
  3786 | D:4      | Found a hazy altar of Hepliaklqana.
  3955 | D:4      | Reached skill level 1 in Shields
  3955 | D:4      | Reached skill level 1 in Poison Magic
  4099 | D:4      | Noticed Eustachio
  4141 | D:4      | Reached skill level 5 in Conjurations
  4437 | D:4      | Found Garef's Magic Scroll Shoppe.
  4481 | D:4      | Found a shimmering altar of Xom.
  4500 | D:4      | Found the +8 autumn katana {slice, Clar}
  4623 | D:4      | Reached XP level 7. HP: 39/41 MP: 8/13
  4697 | D:4      | Killed Eustachio
  4697 | D:4      | Reached skill level 1 in Long Blades
  4979 | D:5      | Entered Level 5 of the Dungeon
  5432 | D:5      | Found Worrom's Armour Emporium.
  5648 | D:5      | Reached XP level 8. HP: 23/46 MP: 7/14
  5974 | D:6      | Reached skill level 6 in Conjurations
  5982 | D:6      | Noticed Blork the orc
  5998 | D:6      | Killed Blork the orc
  6216 | D:6      | Found a glowing drain.
  6220 | Sewer    | Entered a sewer
  6275 | Sewer    | Noticed Purgy
  6292 | Sewer    | Killed Purgy
  6797 | D:6      | Reached skill level 7 in Conjurations
  7180 | D:7      | Reached skill level 5 in Spellcasting
  7554 | D:7      | Reached XP level 9. HP: 51/51 MP: 7/16
  7561 | D:7      | Noticed Menkaure
  7860 | D:7      | Killed Menkaure
  8468 | D:7      | Reached skill level 8 in Conjurations
  8472 | D:7      | Found a staircase to the Ecumenical Temple.
  8481 | Temple   | Entered the Ecumenical Temple
  8551 | Temple   | Became a worshipper of Vehumet
  8691 | D:7      | Found a huge runed translucent gate.
  8692 | D:7      | Found a huge runed translucent gate.
  8693 | D:7      | Found a huge runed translucent gate.
  8694 | D:7      | Found a huge runed translucent gate.
  8694 | D:7      | Noticed a polar bear
  8694 | D:7      | Noticed a polar bear
  8695 | D:7      | Noticed a polar bear
  8904 | D:7      | Found Lual's Antique Weapon Emporium.
  9157 | D:8      | Reached skill level 1 in Slings
  9517 | D:8      | Noticed a +0 dagger
  9519 | D:8      | Noticed a +0 hand axe
  9557 | D:8      | Reached skill level 5 in Stealth
  9636 | D:8      | Found a hide-covered altar of Uskayaw.
  9726 | D:8      | Reached skill level 1 in Fighting
  9760 | D:8      | Noticed a hornet
  9768 | D:8      | Killed a hornet
  9925 | D:8      | Found a blossoming altar of Fedhas.
  9935 | D:8      | Found an opulent altar of Gozag.
 10104 | D:8      | Reached XP level 10. HP: 36/62 MP: 9/19
 10396 | D:8      | Reached * piety under Vehumet
 10396 | D:8      | Offered knowledge of Sandblast by Vehumet.
 10784 | D:9      | Reached skill level 5 in Dodging
 10862 | D:9      | Reached ** piety under Vehumet
 10878 | D:9      | Offered knowledge of Sting by Vehumet.
 10940 | D:9      | Reached skill level 5 in Fighting
 11192 | D:9      | Found a staircase to the Orcish Mines.
 11206 | D:9      | Noticed a brown ugly thing
 11216 | D:9      | Killed a brown ugly thing
 11216 | D:9      | Offered knowledge of Searing Ray by Vehumet.
 11256 | D:9      | Reached *** piety under Vehumet
 11718 | D:9      | Found Qeotanol's Antique Armour Emporium.
 11838 | D:9      | Reached XP level 11. HP: 55/75 MP: 10/20
 11838 | D:9      | Offered knowledge of Inner Flame by Vehumet.
 12145 | D:9      | Found a shadowy altar of Dithmenos.
 12632 | D:9      | Noticed an angel
 12633 | D:9      | Found a glowing silver altar of Zin.
 12668 | D:10     | Entered Level 10 of the Dungeon
 12691 | D:10     | Noticed a two-headed ogre
 12703 | D:10     | Killed a two-headed ogre
 13198 | D:10     | Reached skill level 1 in Air Magic
 13617 | D:10     | Noticed Maurice
 13632 | D:10     | Killed Maurice
 13813 | D:10     | Found an ornate altar of the Wu Jian Council.
 13854 | D:10     | Noticed a two-headed ogre
 13895 | D:10     | Reached **** piety under Vehumet
 13968 | D:10     | Offered knowledge of Fulminant Prism by Vehumet.
 14246 | D:10     | Reached skill level 9 in Conjurations
 14253 | D:10     | Gained mutation: You passively map a small area around you.
                  | [potion of mutation]
 14253 | D:10     | Gained mutation: You are partially covered in molten
                  | scales. (AC +2) [potion of mutation]
 14254 | D:10     | Lost mutation: You passively map a small area around you.
                  | [potion of mutation]
 14254 | D:10     | Lost mutation: You are partially covered in molten scales.
                  | (AC +2) [potion of mutation]
 14254 | D:10     | Gained mutation: Your body sometimes deteriorates upon
                  | taking damage. [potion of mutation]
 14254 | D:10     | Gained mutation: You are somewhat resistant to further
                  | mutation. [potion of mutation]
 14255 | D:10     | Lost mutation: Your body sometimes deteriorates upon taking
                  | damage. [potion of mutation]
 14255 | D:10     | Lost mutation: You are somewhat resistant to further
                  | mutation. [potion of mutation]
 14255 | D:10     | Gained mutation: Scrolls take you a little longer to read.
                  | [potion of mutation]
 14255 | D:10     | Gained mutation: Scrolls take you longer to read. [potion
                  | of mutation]
 14255 | D:10     | Gained mutation: Your mind is acute. (Int +2) [potion of
                  | mutation]
 14255 | D:10     | Gained mutation: You are partially covered in thin metallic
                  | scales. (AC +2) [potion of mutation]
 14256 | D:10     | Lost mutation: You are partially covered in thin metallic
                  | scales. (AC +2) [potion of mutation]
 14256 | D:10     | Lost mutation: Your mind is acute. (Int +2) [potion of
                  | mutation]
 14256 | D:10     | Gained mutation: You are frail. (-10% HP) [potion of
                  | mutation]
 14256 | D:10     | Gained mutation: You can translocate small distances at
                  | will. [potion of mutation]
 14429 | D:10     | Noticed Nergalle
 14435 | D:10     | HP: 3/72 [two-headed ogre/+0 giant club (18)]
 14487 | D:10     | Killed a two-headed ogre
 14813 | D:10     | Reached skill level 10 in Conjurations
 15112 | D:10     | Found a staircase to the Lair.
 15143 | D:10     | Reached XP level 12. HP: 40/76 MP: 21/21
 16295 | D:10     | Killed Nergalle
 16295 | D:10     | Reached skill level 5 in Long Blades
 16295 | D:10     | Reached skill level 1 in Fire Magic
 16756 | D:11     | Noticed Sonja
 16770 | D:11     | Killed Sonja
 16870 | D:11     | Noticed Harold
 16886 | D:11     | Killed Harold
 17111 | D:11     | Learned a level 5 spell: Fireball
 17194 | D:11     | Noticed Grum
 17211 | D:11     | Killed Grum
 17211 | D:11     | Reached skill level 11 in Conjurations
 17337 | D:11     | Reached ***** piety under Vehumet
 17352 | D:11     | Learned a level 4 spell: Sticky Flame
 17412 | D:11     | Offered knowledge of Spellforged Servitor by Vehumet.
 17939 | D:11     | Identified a scroll of acquirement
 17939 | D:11     | Got a twitching copper amulet
 17941 | D:11     | Identified the amulet of Ratiem {Faith +Fly MR- SInv
                  | Stlth-} (You acquired it on level 11 of the Dungeon)
 18204 | Lair:1   | Entered Level 1 of the Lair of Beasts
 18278 | Lair:1   | Noticed a seven-headed hydra
 18289 | Lair:1   | Mangled by a seven-headed hydra

Levels and vault maps discovered:
D:1:      tarquinn_simple_flora_water_f, layout_loops_cross, minmay_hexomino_f4
D:2:      layout_basic, first_ration, minmay_strange_pillars,
          grunt_decor_resistance, uniq_natasha
D:3:      layout_basic, lemuel_round_altar, uniq_ijyb, uniq_jessica
D:4:      layout_loops_ring, grunt_temple_overflow_open, serial_shops, shop,
          minmay_misc_feat_enclosed, minmay_misc_feat_alley,
          minmay_ruined_shrine, uniq_eustachio
D:5:      layout_basic, serial_shops, shop
D:6:      layout_loops_cross, gup_sewer_entry_bowl, uniq_blork_the_orc
D:7:      lemuel_bear_cage, layout_loops_ring, minmay_temple_entry_poolview,
          serial_shops, shop, uniq_menkaure
D:8:      layout_cave_pods, lemuel_crystal_altar,
          nicolae_gozag_cash_rules_everything_around_me,
          dancing_weapons_uskayaw, grunt_livestock
D:9:      wad_guarded_room, layout_irregular_city, zin_angel, zombieorc2_lemuel,
          serial_shops, shop, grunt_dithmenos_smoke_and_mirrors
D:10:     kennysheep_town, uniq_nergalle, uniq_maurice
D:11:     layout_irregular_city, uniq_grum, uniq_harold, uniq_sonja
Temple:   nicolae_temple_figure_eight
Lair:1:   layout_big_grid
Sewer:    sewer_co_purgy_island

Skill      XL: |  1  2  3  4  5  6  7  8  9 10 11 12 |
---------------+-------------------------------------+-----
Conjurations   | 2 3 4 5 7 8 10 11 | 11.0
Spellcasting   | 4 5 6 |  6.8
Stealth        | 3 5 |  5.0
Summonings     | 2 3 |  3.0
Shields        | 1 3 4 |  4.1
Poison Magic   | 2 3 |  3.0
Long Blades    | 2 3 4 6 |  6.0
Slings         | 2 |  2.0
Translocations | 3 |  3.3
Fighting       | 2 7 9 |  9.0
Dodging        | 3 7 8 |  8.0
Air Magic      | 2 |  2.0
Fire Magic     | 4 |  4.0

Action                   |  1- 3 |  4- 6 |  7- 9 | 10-12 || total
-------------------------+-------+-------+-------+-------++-------
Melee: Unarmed           |     4 |    12 |       |       ||    16
       Tentacles         |     2 |     6 |     9 |    47 ||    64
       Constrict         |     2 |     8 |    15 |    31 ||    56
       Rapier            |       |    19 |       |       ||    19
       Katana            |       |     2 |    62 |   243 ||   307
 Fire: Hunting sling     |       |    31 |    21 |     8 ||    60
Throw: Stone             |       |     9 |     4 |    33 ||    46
 Cast: Magic Dart        |    92 |    91 |   262 |   412 ||   857
       Conjure Flame     |       |     8 |    16 |    68 ||    92
       Mephitic Cloud    |       |     5 |     9 |    35 ||    49
       Blink             |       |     1 |     2 |     9 ||    12
       Call Imp          |       |       |    16 |     5 ||    21
       Fireball          |       |       |       |     6 ||     6
  Use: Scroll            |       |     8 |     7 |    12 ||    27
       Potion            |       |       |     6 |    13 ||    19
 Stab: Sleeping          |     1 |       |       |       ||     1
       Confused          |       |     2 |     1 |     7 ||    10
       Distracted        |       |       |     1 |     1 ||     2
  Eat: Chunk             |    11 |     7 |    20 |    28 ||    66
Armor: Skin              |     2 |     4 |       |     4 ||    10
Dodge: Dodged            |    18 |    21 |    41 |   167 ||   247
Block: Buckler           |       |     3 |    19 |    69 ||    91
       Rpst.: Katana     |       |       |     7 |    41 ||    48

Table legend:
 A = Non-vault XP
 B = Vault XP
 C = Vault XP percentage of total XP
 D = Non-vault monster count
 E = Vault monster count
 F = Vault count percentage of total count
                 A         B        C        D         E       F
            +---------+---------+-------+---------+---------+-------
      Total |   12697 |   14476 |  53.3 |     257 |     128 |  33.2
            +---------+---------+-------+---------+---------+-------
        D:1 |      34 |       8 |  19.0 |      21 |       2 |   8.7
        D:2 |     159 |      35 |  18.0 |      28 |       1 |   3.4
        D:3 |      26 |      73 |  73.7 |       8 |       2 |  20.0
        D:4 |     166 |     400 |  70.7 |      10 |       5 |  33.3
        D:5 |     425 |       0 |   0.0 |      18 |       0 |   0.0
        D:6 |     675 |     108 |  13.8 |      20 |       5 |  20.0
        D:7 |     706 |     134 |  16.0 |      17 |       1 |   5.6
        D:8 |    1829 |     794 |  30.3 |      42 |       5 |  10.6
        D:9 |    2137 |    2458 |  53.5 |      24 |      51 |  68.0
       D:10 |    2630 |    8070 |  75.4 |      32 |      44 |  57.9
       D:11 |    3552 |    2236 |  38.6 |      34 |       5 |  12.8
     Lair:1 |     358 |       0 |   0.0 |       3 |       0 |   0.0
      Sewer |       0 |     160 | 100.0 |       0 |       7 | 100.0
            +---------+---------+-------+---------+---------+-------
